 Dungeon Crawl Stone Soup version 0.30-a0-177-g1cb5dbfd7a (webtiles) character file.

Game seed: 11280848411660783547

72 Anias the Conjurer (level 4, -24/24 HPs)
             Began as a Deep Elf Conjurer on Oct 2, 2022.
             Was a Follower of Fedhas.
             Killed by an exploding hobgoblin (46 damage)
             ... ignited by their inner flame
             ... on level 2 of the Dungeon.
             The game lasted 00:11:54 (1977 turns).

Anias the Conjurer (Deep Elf Conjurer)              Turns: 1977, Time: 00:11:55

Health: -24/24     AC:  2    Str:  4    XL:     4   Next: 6%
Magic:  9/11       EV: 12    Int: 25    God:    Fedhas [*.....]
Gold:   54         SH:  0    Dex: 13    Spells: 9/10 levels left

rFire   . . .      SeeInvis .    l - +2 short sword (holy)
rCold   . . .      Faith    .    (no shield)
rNeg    . . .      Spirit   .    a - +0 robe
rPois   .          Reflect  .    (no helmet)
rElec   .          Harm     .    (no cloak)
rCorr   .          Rampage  .    (no gloves)
Will    .....                    (no boots)
Stlth   ++........               (no amulet)
HPRegen 0.24/turn                (no ring)
MPRegen 0.12/turn                (no ring)

@: no status effects
A: no striking features
a: Renounce Religion


You were on level 2 of the Dungeon.
You worshipped Fedhas.
Fedhas was aware of your devotion.
You visited 1 branch of the dungeon, and saw 2 of its levels.

You collected 54 gold pieces.

Inventory:

Hand Weapons
 l - a +2 short sword of holy wrath (weapon)
Armour
 a - a +0 robe (worn)
Jewellery
 d - a ring of positive energy
 h - a +4 ring of evasion
Scrolls
 c - a scroll of poison {unknown}
 e - 3 scrolls of immolation
 f - a scroll of teleportation {unknown}
 g - 2 scrolls of butterflies
 i - a scroll of amnesia {unknown}
 j - a scroll of identify
 n - a scroll of vulnerability {unknown}
Potions
 b - a potion of magic
 k - 2 potions of mutation
 m - a potion of lignification


   Skills:
 + Level 0.0 Fighting
 + Level 0.0 Short Blades
 + Level 3.0 Dodging
 - Level 2.8 Stealth
 + Level 3.5 Spellcasting
 + Level 5.6 Conjurations


You had 9 spell levels left.
You knew the following spells:

 Your Spells              Type           Power      Damage    Failure   Level
a - Magic Dart            Conj           100%       1d8       1%          1

Your spell library contained the following spells:

 Spells                   Type           Power      Damage    Failure   Level
 Searing Ray              Conj           64%        2d6       1%          2
 Dazzling Flash           Conj/Hex       36%        N/A       9%          3
 Hailstorm                Conj/Ice       18%        3d6       9%          3
 Freeze                   Ice            16%        1d4       10%         1
 Frozen Ramparts          Ice            8%         1d2       28%         3
 Ozocubu's Armour         Ice            4%         N/A       28%         3
 Tukima's Dance           Hex            4%         N/A       28%         3
 Fulminant Prism          Conj/Hex       9%         3d7       30%         4
 Iskenderun's Mystic Bla  Conj/Tloc      18%        2d6       30%         4
 Passage of Golubria      Tloc           4%         N/A       67%         4
 Metabolic Englaciation   Hex/Ice        2%         N/A       95%         5
 Yara's Violent Unravell  Hex/Tmut       2%         3d3       95%         5
 Simulacrum               Ice/Necr       2%         N/A       100%        6


Dungeon Overview and Level Annotations

Branches:
Dungeon (2/15)

Altars:
Fedhas
Lugonu

Portals:
Abyss: D:1

Annotations:
D:1 2 runed translucent doors
D:2 Robin


Message History

You pick up a book of Frost and begin reading...
You add the spells Freeze, Frozen Ramparts and Hailstorm to your library.
You open the door.
Robin, 7 goblins and 3 hobgoblins come into view.
Robin is wielding a +0 vorpal falchion.
The goblin shouts!
The hobgoblin shouts!
The goblin shouts!
The hobgoblin shouts!
The goblin shouts!
The hobgoblin shouts!
The goblin shouts! x2; Robin shouts!
Found a short runed staff.
The goblin shouts!
Robin throws the goblin at you!
As you read the scroll of immolation, it crumbles to dust.
The creatures around you are filled with an inner flame!
The hobgoblin hits you. The goblin hits you but does no damage.
Robin points. "Kill!"
The goblin completely misses you.
Casting: Magic Dart (safe; 1% risk of failure)
Confirm with . or Enter, or press ? or * to list all spells.
Aiming: Magic Dart (safe; 1% risk of failure)
Press: ? - help, Shift-Dir - straight line, f - hobgoblin
Aim: a hobgoblin (inner flame, 100% to hit)
The magic dart hits the hobgoblin but does no damage.
The hobgoblin closely misses you.
Unknown command.
Casting: Magic Dart (safe; 1% risk of failure)
Confirm with . or Enter, or press ? or * to list all spells.
Aiming: Magic Dart (safe; 1% risk of failure)
Press: ? - help, Shift-Dir - straight line, f/p - hobgoblin
Aim: a hobgoblin (inner flame, 100% to hit)
The magic dart hits the hobgoblin.
Flame seeps out of the hobgoblin.
The hobgoblin is almost dead.
The hobgoblin is engulfed in blazing flames.
Fedhas appreciates your contribution to the ecosystem.
The hobgoblin explodes!
The fiery explosion engulfs the goblin!!!
Fedhas appreciates your contribution to the ecosystem.
The fiery explosion engulfs you!!!
Ouch! That really hurt!
You die...
Fedhas appreciates your contribution to the ecosystem.

#........########.#..#.#.#.#..#.#
'..........................#..#.#
#.......#########.#.†............
....##### #.#.##.##.....#.# ###.#
#.#.##........... ..#.#
#.#.############# ..#.###########
#....... ..#...........#####..###
.............g§○@.......
....#########g######.###
#.#........##.# .# #......###.
#g# #......#


g.g .......# .ggg# ##.....# ...g.. ......# #.##.... +###....... ..... You could
see a hobgoblin (inner flame) and a goblin (inner flame).

Vanquished Creatures
  2 adders
  2 worms (D:2)
  4 endoplasms
  3 giant cockroaches (D:1)
  4 goblins
  5 hobgoblins
  7 jackals (D:1)
  6 kobolds
  2 quokkas (D:1)
  A ball python (D:2)
  A bat (D:1)
  3 frilled lizards
  8 rats
48 creatures vanquished.

Notes
Turn   | Place    | Note
-------+----------+-------------------------------------------
     0 | D:1      | Anias the Deep Elf Conjurer began the quest for the Orb.
     0 | D:1      | Reached XP level 1. HP: 10/10 MP: 6/6
    64 | D:1      | Found a large runed translucent door.
    64 | D:1      | Found a large runed translucent door.
    64 | D:1      | Found a corrupted altar of Lugonu.
    65 | D:1      | Noticed a quasit
    66 | D:1      | Noticed a crimson imp
    75 | D:1      | Found a one-way gate to the infinite horrors of the Abyss.
   115 | D:1      | Reached XP level 2. HP: 15/15 MP: 1/8
   257 | D:1      | Reached skill level 5 in Conjurations
   654 | D:1      | Reached XP level 3. HP: 19/19 MP: 7/9
   743 | D:1      | Found a faded altar of an unknown god.
   745 | D:1      | Found a faded altar of an unknown god.
   755 | D:1      | Prayed at the altar of an unknown god.
   755 | D:1      | Became a worshipper of Fedhas Madash
   755 | D:1      | Reached * piety under Fedhas
  1800 | D:2      | Reached XP level 4. HP: 20/24 MP: 3/11
  1970 | D:2      | Noticed Robin
  1977 | D:2      | Killed by an exploding hobgoblin... ignited by their inner
                  | flame

Illustrated notes

Levels and vault maps discovered:
D:1:      erik_arrival_cave_to_civilisation [erik_arrival_cave_to_temple],
          layout_basic, hellmonk_ecumenical_altar_the_god_not_taken
D:2:      layout_basic, uniq_robin

Skill      XL: |  1  2  3 |
---------------+----------+-----
Conjurations   | 5 |  5.6
Dodging        | 3 |  3.0
Stealth        | |  2.8
Spellcasting   | |  3.5

Action                   |  1- 3 |  4- 6 || total
-------------------------+-------+-------++-------
Melee: Unarmed           |    24 |       ||    24
       Punch             |     1 |       ||     1
       Short sword       |     2 |       ||     2
 Cast: Magic Dart        |    83 |     7 ||    90
  Use: Scroll            |     3 |     1 ||     4
       Potion            |     1 |       ||     1
Armor: Robe              |    10 |     1 ||    11
       Skin              |     1 |       ||     1
Dodge: Dodged            |    33 |     2 ||    35

Table legend: (Time is in decaauts)
 A = Elapsed time spent in this place.
 B = Non-inter-level travel time spent in this place.
 C = Inter-level travel time spent in this place.
 D = Time resting spent in this place.
 E = Time spent auto-exploring this place.
 F = Levels seen in this place.
 G = Mean time per level.
                   A        B        C        D        E       F      G
               +--------+--------+--------+--------+--------+-----+--------+
         Total |   1977 |   1977 |      0 |     92 |   1500 |   2 |  988.5 |
       Dungeon |   1977 |   1977 |      0 |     92 |   1500 |   2 |  988.5 |
               +--------+--------+--------+--------+--------+-----+--------+

Top non-repeatable levels by time:
     D:1: 1439 daAuts
     D:2: 537 daAuts
